 Dungeon Crawl Stone Soup version 0.27-a0-1200-g94dc6ad4cf (webtiles) character file.

Game seed: 1721743370241685365

143 polve the Insei (level 5, 0/41 HPs)
             Began as a Demonspawn Abyssal Knight on May 30, 2021.
             Was a Follower of Lugonu.
             Slain by an orc
             ... wielding a +0 flail
              (5 damage)
             ... on level 4 of the Dungeon.
             The game lasted 00:01:46 (2937 turns).

polve the Insei (Demonspawn Abyssal Knight)         Turns: 2937, Time: 00:01:46

Health: 0/41       AC:  8    Str: 13    XL:     5   Next: 4%
Magic:  6/6        EV:  3    Int: 13    God:    Lugonu [*.....]
Gold:   79         SH:  4    Dex: 13    Spells: 4/4 levels left

rFire    . . .     SeeInvis .   a - +1 short sword
rCold    . . .     Faith    .   (no shield)
rNeg     . . .     Spirit   .   k - +0 chain mail
rPois    .         Reflect  .   (helmet restricted)
rElec    .         Harm     .   (no cloak)
rCorr    .         Rampage  .   (no gloves)
Will     .....                  (no boots)
Stlth    ..........             (no amulet)
HPRegen  0.13/turn              (no ring)
MPRegen  0.10/turn              (no ring)

@: constricted
A: horns 1, powered by pain 1, condensation shield
a: Renounce Religion, Depart the Abyss


You were on level 4 of the Dungeon.
You worshipped Lugonu.
Lugonu was aware of your devotion.
You visited 1 branch of the dungeon, and saw 4 of its levels.
You visited the Abyss 1 time.

You collected 79 gold pieces.

Inventory:

Hand Weapons
 a - a +1 short sword (weapon)
Armour
 b - a +0 leather armour
 g - a +0 ring mail
 k - a +0 chain mail (worn)
Scrolls
 c - 2 scrolls of identify {unknown}
 e - 2 scrolls of immolation {unknown}
 f - a scroll of magic mapping {unknown}
 i - 2 scrolls of teleportation {unknown}
 l - a scroll of noise {unknown}
 m - a scroll of fear {unknown}
Potions
 d - a potion of heal wounds {unknown}
 h - a potion of curing {unknown}
 j - 2 potions of flight {unknown}


   Skills:
 - Level 3.0 Fighting
 - Level 2.5 Short Blades
 - Level 1.7 Armour
 - Level 0.8 Dodging
 + Level 3.9 Unarmed Combat
 - Level 2.4 Invocations


You had 4 spell levels left.
You didn't know any spells.
Your spell library contained the following spells:

 Spells                   Type           Power      Damage    Failure   Level
 Freeze                   Ice            0%         1d3       100%        1
 Call Imp                 Summ           0%         N/A       100%        2
 Corpse Rot               Necr/Air       N/A        N/A       100%        2
 Sublimation of Blood     Necr           0%         N/A       100%        2
 Frozen Ramparts          Ice            0%         1d2       100%        3
 Ozocubu's Armour         Ice            0%         N/A       100%        3
 Animate Armour           Summ/Erth      0%         N/A       100%        4
 Hailstorm                Conj/Ice       0%         3d3       100%        4
 Agony                    Necr           0%         N/A       100%        5
 Metabolic Englaciation   Hex/Ice        0%         N/A       100%        5
 Summon Forest            Summ/Tloc      0%         N/A       100%        5


Dungeon Overview and Level Annotations

Branches:
Dungeon (4/15)
 Temple: D:4-7

Altars:


Innate Abilities, Weirdness & Mutations

You have a pair of small horns on your head.
You sometimes gain a little power by taking damage.
A meltable shield of frost defends you. (SH +4)


Message History

The orc barely misses you. The orc barely misses you.
You block the orc's attack. You block the orc's attack.
The orc closely misses you. The orc hits you but does no damage.
The orc hits you with a +0 flail. The orc hits you but does no damage.
The orc closely misses you.
A ball python comes into view.
The orc hits you with a +0 flail.
* * * LOW HITPOINT WARNING * * *
The ball python hisses angrily.
The orc hits you but does no damage. The orc completely misses you.
The orc hits you with a +0 flail.
* * * LOW HITPOINT WARNING * * *
The orc barely misses you.
The ball python bites you but does no damage.
The ball python barely misses you. The orc hits you but does no damage.
The ball python bites you but does no damage.
The ball python grabs you. The ball python constricts you.
The orc hits you but does no damage. The ball python bites you.
* * * LOW HITPOINT WARNING * * *
The ball python constricts you. You block the orc's attack.
The ball python barely misses you. The ball python constricts you.
The ball python bites you but does no damage.
The ball python constricts you. You block the orc's attack.
You block the ball python's attack. The ball python constricts you.
You block the orc's attack.
The ball python bites you but does no damage.
The ball python constricts you. You block the orc's attack.
The ball python bites you but does no damage.
* * * LOW HITPOINT WARNING * * *
The ball python constricts you. The orc hits you with a +0 flail.
You die...

######### #.o.....#
########@#####.##
.......S........
##.###.#..####.#
#.#..####.####
.###.#..#.......###
#........#.........#
........#†.......#.#.
..:##.#.............#
.. #.#.#........##


You could see an orc and a ball python.

Vanquished Creatures
  An ogre (D:3)
  2 adders
  A dart slug (D:2)
  5 endoplasms
  5 giant cockroaches
  2 goblins
  3 hobgoblins (D:3)
  4 jackals (D:1)
  3 kobolds
  5 quokkas
  A ball python (D:3)
  4 bats
  4 frilled lizards
  3 rats
43 creatures vanquished.

Notes
Turn   | Place    | Note
-------+----------+-------------------------------------------
     0 | Abyss:1  | polve the Demonspawn Abyssal Knight began the quest for the
                  | Orb.
     0 | Abyss:1  | Reached XP level 1. HP: 18/18 MP: 2/2
    59 | Abyss:1  | Found a corrupted altar of Lugonu.
    98 | Abyss:1  | Found a corrupted altar of Lugonu.
   146 | Abyss:1  | Noticed a worldbinder
   149 | Abyss:1  | Noticed a large abomination
   150 | Abyss:1  | Noticed a blink frog
   151 | D:1      | Escaped the Abyss
   328 | D:1      | Reached * piety under Lugonu
   340 | D:1      | Gained mutation: You have a pair of small horns on your
                  | head. [demonic ancestry]
   340 | D:1      | Reached XP level 2. HP: 6/24 MP: 3/3
   655 | D:1      | Reached skill level 1 in Unarmed Combat
  1217 | D:1      | Found a faded altar of an unknown god.
  1679 | D:2      | Gained mutation: A meltable shield of frost defends you.
                  | (SH +4) [demonic ancestry]
  1679 | D:2      | Reached XP level 3. HP: 27/29 MP: 4/4
  1896 | D:2      | Identified the Catalogue of Unholy Creation
  2356 | D:3      | Noticed an ogre
  2365 | D:3      | Killed an ogre
  2366 | D:3      | Reached XP level 4. HP: 35/35 MP: 5/5
  2874 | D:4      | Gained mutation: You sometimes gain a little power by
                  | taking damage. [demonic ancestry]
  2874 | D:4      | Reached XP level 5. HP: 40/41 MP: 6/6
  2937 | D:4      | Slain by an orc

Illustrated notes

Levels and vault maps discovered:
D:1:      dpeg_arrival_tiny_g, layout_rooms, chequers_ecumenical_altar_grove,
          minmay_cut_off
D:2:      layout_basic
D:3:      layout_rooms, chequers_serial_rivers_small_b
D:4:      layout_loops_ring, uniq_grinder

Skill      XL: |  1  2  3 |
---------------+----------+-----
Short Blades   | 2 |  2.5
Unarmed Combat | 1 3 |  3.9
Fighting       | |  3.0
Armour         | |  1.7
Dodging        | |  0.8
Invocations    | |  2.4

Action                   |  1- 3 |  4- 6 || total
-------------------------+-------+-------++-------
Melee: Short sword       |   112 |    22 ||   134
       Headbutt          |     9 |     2 ||    11
       Punch             |     1 |       ||     1
Invok: Depart the Abyss  |     1 |       ||     1
 Stab: Sleeping          |     1 |       ||     1
Armor: Leather armour    |    15 |       ||    15
       Ring mail         |    15 |       ||    15
       Chain mail        |    15 |    30 ||    45
Dodge: Dodged            |    66 |    20 ||    86
Block: Other             |     8 |    11 ||    19

Table legend: (Time is in decaauts)
 A = Elapsed time spent in this place.
 B = Non-inter-level travel time spent in this place.
 C = Inter-level travel time spent in this place.
 D = Time resting spent in this place.
 E = Time spent auto-exploring this place.
 F = Levels seen in this place.
 G = Mean time per level.
                   A        B        C        D        E       F      G
               +--------+--------+--------+--------+--------+-----+--------+
         Total |   2936 |   2828 |    108 |      0 |   2441 |   5 |  587.2 |
       Dungeon |   2782 |   2674 |    108 |      0 |   2292 |   4 |  695.5 |
         Abyss |    154 |    154 |      0 |      0 |    149 |   1 |  154.0 |
               +--------+--------+--------+--------+--------+-----+--------+

Top non-repeatable levels by time:
     D:1: 1361 daAuts
     D:2: 681 daAuts
     D:3: 670 daAuts
 Abyss:1: 154 daAuts
     D:4: 68 daAuts
